 Dungeon Crawl Stone Soup version 0.29.0-4-gdea44cf6ec (webtiles) character file.

Game seed: 9372941285370537681

10 qw the Sneak (level 2, -4/19 HPs)
             Began as a Gargoyle Delver on Sept 10, 2022.
             Slain by a water moccasin (8 damage)
             ... on level 5 of the Dungeon.
             The game lasted 00:00:05 (153 turns).

qw the Sneak (Gargoyle Delver)                       Turns: 153, Time: 00:00:05

Health: -4/19      AC:  5    Str: 15    XL:     2   Next: 20%
Magic:  2/2        EV: 11    Int: 10    God:
Gold:   0          SH:  0    Dex: 11    Spells: 1/1 levels left

rFire   . . .      SeeInvis .   a - +0 hand axe
rCold   . . .      Faith    .   (no shield)
rNeg    + . .      Spirit   .   b - +0 leather armour
rPois   inf        Reflect  .   (no helmet)
rElec   +          Harm     .   (no cloak)
rCorr   .          Rampage  .   (no gloves)
Will    .....                   (no boots)
Stlth   +++.......              (no amulet)
HPRegen 0.06/turn               (no ring)
MPRegen 0.08/turn               (no ring)

@: no status effects
A: sickness immunity, AC +2, negative energy resistance 1, electricity
resistance, torment resistance 1, petrification resistance
a: no special abilities


You were on level 5 of the Dungeon.
You visited 1 branch of the dungeon, and saw 1 of its levels.


Innate Abilities, Weirdness & Mutations

You are immune to sickness and miasma.
Your stone body is resilient. (AC +2)
You are immune to poison.
You resist negative energy. (rN+)
You are resistant to electric shocks. (rElec)
You are resistant to unholy torment.
You are immune to petrification.


   Skills:
 - Level 3.2 Fighting
 + Level 2.5 Axes
 - Level 1.5 Dodging
 - Level 5.4 Stealth


You had one spell level left.
You didn't know any spells.
Your spell library was empty.

Inventory:

Hand Weapons
 a - a +0 hand axe (weapon)
Armour
 b - a +0 leather armour (worn)
Wands
 g - a wand of digging (3)
Scrolls
 c - a scroll of fog
 d - a scroll of magic mapping
 e - a scroll of fear
Potions
 f - a potion of haste

Dungeon Overview and Level Annotations

Branches:
Dungeon (5/15)
 Temple: D:4-7

Altars:
Qazlal


Message History

The water moccasin barely misses you.
The water moccasin completely misses you.
You hit the water moccasin but do no damage.
The water moccasin is lightly wounded.
You hit the scorpion. The water moccasin bites you. The scorpion stings you.
The water moccasin bites you.
You completely miss the water moccasin.
The water moccasin is lightly wounded.
You barely miss the scorpion. The scorpion barely misses you.
The water moccasin closely misses you. The scorpion closely misses you.
You hit the water moccasin.
The water moccasin is lightly wounded.
You hit the scorpion.
The water moccasin bites you but does no damage.
The scorpion stings you but does no damage.
The water moccasin barely misses you.
You miss the water moccasin.
The water moccasin is lightly wounded.
You hit the scorpion but do no damage. The scorpion closely misses you.
The water moccasin closely misses you. The scorpion barely misses you.
The water moccasin bites you but does no damage.
You completely miss the water moccasin.
The water moccasin is lightly wounded.
You hit the scorpion.
The water moccasin bites you but does no damage.
The scorpion barely misses you.
You hit the scorpion.
The scorpion is heavily wounded.
You hit the water moccasin but do no damage.
The water moccasin bites you. The scorpion stings you.
The water moccasin closely misses you.
The scorpion stings you but does no damage.
You hit the scorpion but do no damage.
The scorpion is heavily wounded.
You hit the water moccasin. The water moccasin bites you!
You die...

...## # #...#
#.#####...# ..........#
#...$.....#
..........####
#............#
+.....S@.....#
#.....s......#
.............#
.............# _#¤¤¤
.............# #.#¤¤¤
.............# #.#¤¤¤
.............# #.#¤¤
.............######.####
....................


You could see a water moccasin and a scorpion.

Vanquished Creatures
  An adder (D:5)
  A quokka (D:5)
2 creatures vanquished.

Notes
Turn   | Place    | Note
-------+----------+-------------------------------------------
     0 | D:5      | qw the Gargoyle Delver began the quest for the Orb.
     0 | D:5      | Reached XP level 1. HP: 14/14 MP: 1/1
     0 | D:5      | 0 ||| qw: Version: 0.1-a-117-gfe26ee0
     0 | D:5      | 0 ||| qw: Game counter: 9730
     0 | D:5      | 0 ||| qw: Always use a shield: true
     0 | D:5      | 0 ||| qw: God list: Okawaru
     0 | D:5      | 0 ||| qw: Allow faded altars: false
     0 | D:5      | 0 ||| qw: Do Orc after D:15 true
     0 | D:5      | 0 ||| qw: Do second Lair branch before Depths: true
     0 | D:5      | 0 ||| qw: Lair rune preference: random
     0 | D:5      | 0 ||| qw: Plans: Normal
     0 | D:5      | 0 ||| PLANNING D:1-11
    38 | D:5      | Reached XP level 2. HP: 14/19 MP: 2/2
   119 | D:5      | Found a stormy altar of Qazlal.
   131 | D:5      | Noticed a water moccasin
   143 | D:5      | Noticed a scorpion
   152 | D:5      | HP: 4/19 [scorpion (3)]
   153 | D:5      | Slain by a water moccasin

Levels and vault maps discovered:
D:5:      layout_basic, nicolae_qazlal_eye_of_the_storm, serial_shops,
          shop_fountains

Skill      XL: |  1 |
---------------+----+-----
Axes           | 2 |  2.5
Fighting       | |  3.2
Dodging        | |  1.5
Stealth        | |  5.4

Action                   || total
-------------------------++-------
Melee: Hand axe          ||    20
Armor: Leather armour    ||    10
Dodge: Dodged            ||    21

Table legend:
 A = Non-vault XP
 B = Vault XP
 C = Vault XP percentage of total XP
 D = Non-vault monster count
 E = Vault monster count
 F = Vault count percentage of total count
                 A         B        C        D         E       F
            +---------+---------+-------+---------+---------+-------
      Total |      15 |       0 |   0.0 |       2 |       0 |   0.0
            +---------+---------+-------+---------+---------+-------
        D:5 |      15 |       0 |   0.0 |       2 |       0 |   0.0
            +---------+---------+-------+---------+---------+-------
